HSSL
MAIZE HS @ BISHOP VEROT HS
05/02/2023
 
TOP OF THE 1ST
Maize HS batting - Pitching for Bishop Verot HS : RHP Zach Black
Pitching: RHP Zach Black
Batting: RHB Miguel Hernández 0-0: Ball
1-0: Ball
2-0: Ball
3-0: Base on Balls
Batting: RHB Álex Hernández 0-0: Called Strike
0-1: Ball
1-1: Called Strike
1-2: Foul Ball, location: 2F
1-2: Strikes out swinging
Batting: RHB Norris Howard 0-0: Ball
1-0: 2-RUN HOME RUN (Flyball, 7D), Distance : 380 ft
Batting: LHB Carl Hodge 0-0: Ball
1-0: Ball
2-0: Called Strike
2-1: Ground out U3 (Groundball, 3L)
Batting: RHB José Murillo 0-0: Swinging Strike
0-1: Ball
1-1: Ball
2-1: Ball
3-1: SINGLE (Line Drive, 9S)
Batting: LHB Glenn Scoville 0-0: Called Strike
0-1: SINGLE (Popup, 34D)
José Murillo to second
Runner from 2nd tries for 3rd, SAFE, throw made to third
Batting: LHB Bill Stephenson 0-0: Called Strike
0-1: Ball
1-1: Called Strike
1-2: Strikes out swinging
Top of the 1st over - 2 run(s), 3 hit(s), 0 error(s), 2 left on base; Maize HS 2 - Bishop Verot HS 0
BOTTOM OF THE 1ST
Bishop Verot HS batting - Pitching for Maize HS : RHP Josh Jenkins
Pitching: RHP Josh Jenkins
Batting: RHB Vincent Hancock 0-0: Ball
1-0: Ball
2-0: Foul Ball, location: 2F
2-1: Ball
3-1: Called Strike
3-2: Foul Ball, location: 2F
3-2: Strikes out swinging
Batting: RHB Luis Morales 0-0: Called Strike
0-1: Foul Ball, location: 2F
0-2: Ball
1-2: Ball
2-2: SINGLE (Line Drive, 78M)
Batting: RHB Michael Hall 0-0: Ball
1-0: Called Strike
1-1: Ball
2-1: Ball
3-1: Called Strike
3-2: Foul Ball, location: 2F
3-2: Fly out, F6 (Popup, 5D)
Batting: RHB Nick Vogel 0-0: Ball
1-0: Called Strike
1-1: Foul Ball, location: 2F
1-2: Strikes out swinging
Bottom of the 1st over - 0 run(s), 1 hit(s), 0 error(s), 1 left on base; Maize HS 2 - Bishop Verot HS 0
TOP OF THE 2ND
Maize HS batting - Pitching for Bishop Verot HS : RHP Zach Black
Batting: RHB Raúl González 0-0: Ball
1-0: Called Strike
1-1: Ball
2-1: Ball
3-1: Swinging Strike
3-2: Fly out, F8 (Flyball, 8RXD)
Batting: RHB Juan Romero 0-0: Ball
1-0: Called Strike
1-1: Ball
2-1: Bunt missed!
2-2: Ball
3-2: Base on Balls
Batting: RHB Miguel Hernández 0-0: SINGLE (Line Drive, 4MD)
Juan Romero to second
Batting: RHB Álex Hernández 0-0: Ball
1-0: Ball
2-0: Called Strike
2-1: Fly out, F7 (Line Drive, 7S)
Batting: RHB Norris Howard 0-0: Called Strike
Balk!
Juan Romero to third
Miguel Hernández to second
0-1: Foul Ball, location: 2F
0-2: Ball
1-2: Foul Ball, location: 2F
1-2: Ball
Wild Pitch!
Juan Romero scores
Miguel Hernández to third
2-2: Foul Ball, location: 2F
2-2: Ball
3-2: Base on Balls
Batting: LHB Carl Hodge 0-0: Ball
1-0: Fly out, F7 (Flyball, 7LM)
Top of the 2nd over - 1 run(s), 1 hit(s), 0 error(s), 2 left on base; Maize HS 3 - Bishop Verot HS 0
BOTTOM OF THE 2ND
Bishop Verot HS batting - Pitching for Maize HS : RHP Josh Jenkins
Batting: RHB Jon Foster 0-0: Foul Ball, location: 2F
0-1: Ball
1-1: Called Strike
1-2: DOUBLE (Line Drive, 89M)
Batting: RHB Terry Perkins 0-0: Ball
1-0: Ball
2-0: Swinging Strike
2-1: Called Strike
2-2: Foul Ball, location: 2F
2-2: Strikes out swinging
Batting: LHB Sandro Márquez 0-0: Called Strike
0-1: Ball
1-1: Swinging Strike
1-2: Ball
2-2: Strikes out swinging
Batting: RHB Peter Bishop 0-0: Called Strike
0-1: Ball
1-1: Ball
2-1: SINGLE (Flyball, 9S)
Jon Foster to third
Runner from 3rd tries for Home, SAFE, throw made home
Peter Bishop to second
Batting: RHB Reynaldo Gómez 0-0: SINGLE (Groundball, 5L)
Peter Bishop to third
Runner from 3rd tries for Home, SAFE, no throw or cutoff
Batting: RHB Vincent Hancock 0-0: Called Strike
0-1: Ball
1-1: Swinging Strike
1-2: Ball
2-2: Strikes out swinging
Bottom of the 2nd over - 2 run(s), 3 hit(s), 0 error(s), 1 left on base; Maize HS 3 - Bishop Verot HS 2
TOP OF THE 3RD
Maize HS batting - Pitching for Bishop Verot HS : RHP Zach Black
Batting: RHB José Murillo 0-0: Ball
1-0: Called Strike
1-1: Foul Ball, location: 2F
1-2: Strikes out swinging
Batting: LHB Glenn Scoville 0-0: Ground out 6-3 (Groundball, 6M)
Batting: LHB Bill Stephenson 0-0: Ground out 4-3 (Groundball, 4)
Top of the 3rd over - 0 run(s), 0 hit(s), 0 error(s), 0 left on base; Maize HS 3 - Bishop Verot HS 2
BOTTOM OF THE 3RD
Bishop Verot HS batting - Pitching for Maize HS : RHP Josh Jenkins
Batting: RHB Luis Morales 0-0: Called Strike
0-1: Ball
1-1: Foul Ball, location: 2F
1-2: Fly out, F7 (Line Drive, 7M)
Batting: RHB Michael Hall 0-0: Swinging Strike
0-1: Foul Ball, location: 2F
0-2: Foul Ball, location: 2F
0-2: Ball
1-2: Ball
2-2: Ball
3-2: Foul Ball, location: 2F
3-2: Base on Balls
Batting: RHB Nick Vogel 0-0: Ball
1-0: Ball
2-0: Ball
3-0: Called Strike
3-1: Fly out, F9 (Flyball, 89M)
Batting: RHB Jon Foster 0-0: Ball
Pickoff Throw to First - Error! E1
Michael Hall to second
1-0: Ball
2-0: Swinging Strike
2-1: Ball
3-1: Base on Balls
Batting: RHB Terry Perkins 0-0: Ball
1-0: Ball
2-0: Ball
3-0: Called Strike
3-1: Reached on error, E6 (Groundball, 6M)
Michael Hall to third
Jon Foster to second
Batting: LHB Sandro Márquez 0-0: Called Strike
0-1: Ball
1-1: Foul Ball, location: 2F
1-2: Fly out, F8 (Flyball, 8LM)
Bottom of the 3rd over - 0 run(s), 0 hit(s), 2 error(s), 3 left on base; Maize HS 3 - Bishop Verot HS 2
TOP OF THE 4TH
Maize HS batting - Pitching for Bishop Verot HS : RHP Zach Black
Batting: RHB Raúl González 0-0: Ball
1-0: Called Strike
1-1: Foul Ball, location: 2F
1-2: Strikes out looking
Batting: RHB Juan Romero 0-0: Swinging Strike
0-1: Ball
1-1: Ball
2-1: Foul Ball, location: 2F
2-2: Strikes out swinging
Batting: RHB Miguel Hernández 0-0: Ball
1-0: Ball
2-0: Ball
3-0: Base on Balls
Batting: RHB Álex Hernández 0-0: Ball
Wild Pitch!
Miguel Hernández to second
1-0: SINGLE (Flyball, 9LS)
Miguel Hernández to third
Batting: RHB Norris Howard 0-0: Called Strike
0-1: 3-RUN HOME RUN (Flyball, 78XD), Distance : 396 ft
Batting: LHB Carl Hodge 0-0: Called Strike
0-1: Called Strike
0-2: Ball
1-2: Ball
2-2: Foul Ball, location: 2F
2-2: Foul Ball, location: 2F
2-2: Foul Ball, location: 2F
2-2: Foul Ball, location: 2F
2-2: Ball
3-2: Foul Ball, location: 2F
3-2: Foul Ball, location: 2F
3-2: SINGLE (Line Drive, 78S)
Pitching: LHP Richard Warren
Batting: RHB José Murillo 0-0: Ball
1-0: Called Strike
1-1: Foul Ball, location: 2F
1-2: Strikes out swinging
Top of the 4th over - 3 run(s), 3 hit(s), 0 error(s), 1 left on base; Maize HS 6 - Bishop Verot HS 2
BOTTOM OF THE 4TH
Bishop Verot HS batting - Pitching for Maize HS : RHP Josh Jenkins
Batting: RHB Peter Bishop 0-0: Called Strike
0-1: SOLO HOME RUN (Flyball, 78XD), Distance : 400 ft
Pitching: RHP Norbert Patterson
Batting: RHB Reynaldo Gómez 0-0: SOLO HOME RUN (Flyball, 78XD), Distance : 397 ft
Batting: RHB Vincent Hancock 0-0: Fly out, F3 (Popup, 13S)
Batting: RHB Luis Morales 0-0: Ball
1-0: Called Strike
1-1: Swinging Strike
1-2: Ball
2-2: SINGLE (Groundball, 5D)
Batting: RHB Michael Hall 0-0: Ball
1-0: Foul Ball, location: 2F
1-1: Swinging Strike
1-2: Ball
2-2: DOUBLE (Groundball, 5D)
Luis Morales to third
Runner from 3rd tries for Home, throw and OUT!
Michael Hall to third
Batting: RHB Nick Vogel 0-0: Ball
1-0: Ball
2-0: Ball
3-0: Base on Balls
Batting: RHB Jon Foster 0-0: Called Strike
0-1: Fly out, F7 (Flyball, 7LMF)
Bottom of the 4th over - 2 run(s), 4 hit(s), 0 error(s), 2 left on base; Maize HS 6 - Bishop Verot HS 4
TOP OF THE 5TH
Maize HS batting - Pitching for Bishop Verot HS : LHP Richard Warren
Batting: LHB Glenn Scoville 0-0: Ball
1-0: Fly out, F6 (Popup, 6)
Batting: LHB Bill Stephenson 0-0: Called Strike
0-1: Swinging Strike
0-2: Foul Ball, location: 2F
0-2: Ball
1-2: Ball
2-2: Foul Ball, location: 2F
2-2: Ball
3-2: Foul Ball, location: 2F
3-2: Ground out 6-3 (Groundball, 6M)
Batting: RHB Raúl González 0-0: Ball
1-0: SINGLE (Flyball, 7LM)
Batting: RHB Juan Romero 0-0: Ball
1-0: Ball
2-0: Foul Ball, location: 2F
2-1: Swinging Strike
2-2: Strikes out swinging
Top of the 5th over - 0 run(s), 1 hit(s), 0 error(s), 1 left on base; Maize HS 6 - Bishop Verot HS 4
BOTTOM OF THE 5TH
Bishop Verot HS batting - Pitching for Maize HS : RHP Norbert Patterson
Batting: RHB Terry Perkins 0-0: Ball
1-0: Ball
2-0: Foul Ball, location: 2F
Single, Error in OF, E8, batter to second base
Batting: LHB Sandro Márquez 0-0: Called Strike
0-1: Foul Ball, location: 2F
0-2: Ball
1-2: Foul Ball, location: 2F
1-2: Ball
2-2: DOUBLE (Line Drive, 89M)
Terry Perkins scores
Batting: RHB Peter Bishop 0-0: Fly out, F9 (Flyball, 9M)
Batting: RHB Reynaldo Gómez 0-0: Ball
Sandro Márquez steals 3rd base
1-0: Ground out 5-3 (Groundball, 56S)
Sandro Márquez scores
Batting: RHB Vincent Hancock 0-0: Ball
1-0: Ball
2-0: Called Strike
2-1: Ball
3-1: Base on Balls
Batting: RHB Luis Morales 0-0: Called Strike
Vincent Hancock steals 2nd base
0-1: Called Strike
0-2: Ball
1-2: Hit by Pitch
Batting: RHB Michael Hall 0-0: Foul Ball, location: 2F
0-1: Ball
1-1: Swinging Strike
1-2: Ball
2-2: Ball
3-2: Foul Ball, location: 2F
3-2: Ground out 4-3 (Groundball, 4)
Bottom of the 5th over - 2 run(s), 2 hit(s), 1 error(s), 2 left on base; Maize HS 6 - Bishop Verot HS 6
TOP OF THE 6TH
Maize HS batting - Pitching for Bishop Verot HS : LHP Richard Warren
Batting: RHB Miguel Hernández 0-0: Ball
1-0: Ball
2-0: Called Strike
2-1: Foul Ball, location: 2F
2-2: Ball
3-2: Fly out, F9 (Flyball, 9M)
Batting: RHB Álex Hernández 0-0: Ground out 4-3 (Groundball, 4M)
Batting: RHB Norris Howard 0-0: Foul Ball, location: 2F
0-1: Foul Ball, location: 2F
0-2: Ball
1-2: Ground out 5-3 (Groundball, 5)
Top of the 6th over - 0 run(s), 0 hit(s), 0 error(s), 0 left on base; Maize HS 6 - Bishop Verot HS 6
BOTTOM OF THE 6TH
Bishop Verot HS batting - Pitching for Maize HS : RHP Norbert Patterson
Pitching: RHP Charlie Mobley
Batting: RHB Nick Vogel 0-0: Ball
1-0: Called Strike
1-1: Ball
2-1: Fly out, F8 (Flyball, 8LM)
Batting: RHB Jon Foster 0-0: Swinging Strike
0-1: Ball
1-1: Ground out 4-3 (Groundball, 4)
Batting: RHB Terry Perkins 0-0: Called Strike
0-1: Swinging Strike
0-2: Ground out 5-3 (Groundball, 5S)
Bottom of the 6th over - 0 run(s), 0 hit(s), 0 error(s), 0 left on base; Maize HS 6 - Bishop Verot HS 6
TOP OF THE 7TH
Maize HS batting - Pitching for Bishop Verot HS : LHP Richard Warren
Batting: LHB Carl Hodge 0-0: Ball
1-0: Ball
2-0: Ball
3-0: Base on Balls
Pitching: RHP Jim Henson
Batting: RHB José Murillo 0-0: Called Strike
0-1: Ball
1-1: Ball
2-1: Foul Ball, location: 2F
2-2: Foul Ball, location: 2F
2-2: Ball
3-2: Strikes out swinging
Batting: LHB Glenn Scoville 0-0: Ball
1-0: Ball
2-0: Foul Ball, location: 2F
2-1: Grounds into double play, 6-4-3 (Groundball, 6)
Top of the 7th over - 0 run(s), 0 hit(s), 0 error(s), 0 left on base; Maize HS 6 - Bishop Verot HS 6
BOTTOM OF THE 7TH
Bishop Verot HS batting - Pitching for Maize HS : RHP Charlie Mobley
Batting: LHB Sandro Márquez 0-0: Called Strike
0-1: Hit by Pitch
Batting: RHB Peter Bishop 0-0: Bunted foul
0-1: Bunt missed!
0-2: Ground out 4-3 (Groundball, 4M)
Sandro Márquez to second
Pinch Hitting: RHB Dave Richards 0-0: Intentional Walk
Batting: RHB Vincent Hancock 0-0: SINGLE (Groundball, 56)
Sandro Márquez to third
Dave Richards to second
Runner from 3rd tries for Home, SAFE, no throw or cutoff
Batting: RHB Luis Morales 0-0: Ball
1-0: Ball
2-0: Foul Ball, location: 2F
2-1: Ball
Wild Pitch!
Dave Richards to third
Vincent Hancock to second
3-1: Called Strike
3-2: Reached on error, E6 (Groundball, 6)
Dave Richards scores
Vincent Hancock to third
Batting: RHB Michael Hall 0-0: Ball
1-0: Foul Ball, location: 2F
1-1: Hit by Pitch
Luis Morales to second
Pinch Runner at 1st Kevin Smith:
Batting: RHB Nick Vogel 0-0: Called Strike
0-1: Ball
1-1: Grounds into double play, U5-3 (Groundball, 5L)
Bottom of the 7th over - 2 run(s), 1 hit(s), 1 error(s), 2 left on base; Maize HS 6 - Bishop Verot HS 8
TOP OF THE 8TH
Maize HS batting - Pitching for Bishop Verot HS : RHP Jim Henson
Now at C: Kevin Smith
Now in RF: Kevin Magee
Batting: LHB Bill Stephenson 0-0: Called Strike
0-1: Called Strike
0-2: Ball
1-2: Strikes out swinging
Batting: RHB Raúl González 0-0: Called Strike
0-1: Called Strike
0-2: Foul Ball, location: 2F
0-2: Ball
1-2: Hit by Pitch
Pitching: RHP Claudio García
Batting: RHB Juan Romero 0-0: Called Strike
0-1: Ball
1-1: Swinging Strike
1-2: Foul Ball, location: 2F
1-2: Fly out, F4 (Popup, 4MD)
Batting: RHB Miguel Hernández 0-0: Ball
1-0: Swinging Strike
1-1: Ball
2-1: Ball
3-1: Foul Ball, location: 2F
3-2: Foul Ball, location: 2F
3-2: Base on Balls
Raúl González to second
Batting: RHB Álex Hernández 0-0: DOUBLE (Line Drive, 78M)
Raúl González scores
Miguel Hernández to third
Batting: RHB Norris Howard 0-0: Ball
1-0: Called Strike
1-1: Foul Ball, location: 2F
1-2: Fly out, F7 (Flyball, 7M)
Top of the 8th over - 1 run(s), 1 hit(s), 0 error(s), 2 left on base; Maize HS 7 - Bishop Verot HS 8
BOTTOM OF THE 8TH
Bishop Verot HS batting - Pitching for Maize HS : RHP Charlie Mobley
Pitching: RHP Ramón Freitas
Batting: RHB Jon Foster 0-0: Foul Ball, location: 2F
0-1: Ball
1-1: Foul Ball, location: 2F
1-2: Ball
2-2: Strikes out swinging
Batting: RHB Terry Perkins 0-0: Fly out, F8 (Flyball, 8LM)
Batting: LHB Sandro Márquez 0-0: Swinging Strike
0-1: Foul Ball, location: 2F
0-2: Ball
1-2: Foul Ball, location: 2F
1-2: Foul Ball, location: 2F
1-2: Strikes out swinging
Bottom of the 8th over - 0 run(s), 0 hit(s), 0 error(s), 0 left on base; Maize HS 7 - Bishop Verot HS 8
TOP OF THE 9TH
Maize HS batting - Pitching for Bishop Verot HS : RHP Claudio García
Pitching: RHP Bob Branch
Batting: LHB Carl Hodge 0-0: Ball
1-0: Ball
2-0: Called Strike
2-1: Ball
3-1: Base on Balls
Batting: RHB José Murillo 0-0: Ball
1-0: Ball
2-0: Ball
3-0: Called Strike
3-1: Called Strike
3-2: Base on Balls
Carl Hodge to second
Pinch Runner at 2nd Lawrence Howard:
Batting: LHB Glenn Scoville 0-0: Bunted foul
0-1: Bunted foul
0-2: Ball
1-2: Ball
2-2: Foul Ball, location: 2F
2-2: Grounds into double play, 6-4-3 (Groundball, 6)
Lawrence Howard to third
Batting: LHB Bill Stephenson 0-0: Foul Ball, location: 2F
0-1: Called Strike
0-2: Ground out 4-3 (Groundball, 4)
Top of the 9th over - 0 run(s), 0 hit(s), 0 error(s), 1 left on base; Maize HS 7 - Bishop Verot HS 8
This league is powered by Out of the Park Baseball, the baseball management simulation game for PC, Mac and Linux
Wednesday, December 2nd, 2015 - OOTP Baseball 16.8 Build 38